 Dungeon Crawl Stone Soup version 0.30-a0-424-g7412bad402 (webtiles) character file.

Game seed: 11554103164546264420

23 funkygono the Firebug (level 2, -2/19 HPs)
             Began as a Demonspawn Fire Elementalist on Dec 9, 2022.
             Slain by a black bear (4 damage)
             ... on level 2 of the Dungeon.
             The game lasted 00:01:20 (1004 turns).

funkygono the Firebug (DsFE)                        Turns: 1004, Time: 00:01:21

Health: -2/19      AC:  2    Str:  8    XL:     2   Next: 75%
Magic:  1/5        EV: 12    Int: 16    God:
Gold:   116        SH:  4    Dex: 13    Spells: 3/6 levels left

rFire   . . .      SeeInvis .    (no weapon)
rCold   . . .      Faith    .    (no shield)
rNeg    . . .      Spirit   .    a - +0 robe
rPois   .          Reflect  .    (no helmet)
rElec   .          Harm     .    (no cloak)
rCorr   .          Rampage  .    (no gloves)
Will    .....                    (no boots)
Stlth   ++........               (no amulet)
HPRegen 0.23/turn                (no ring)
MPRegen 0.09/turn                (no ring)

@: no status effects
A: large bone plates 1
a: no special abilities


You were on level 2 of the Dungeon.
You visited 1 branch of the dungeon, and saw 2 of its levels.

You collected 116 gold pieces.

Inventory:

Armour
 a - a +0 robe (worn)
Scrolls
 d - a scroll of brand weapon {unknown}
 e - a scroll of teleportation {unknown}
 f - 2 scrolls of identify {unknown}
 h - a scroll of vulnerability {unknown}
Potions
 b - a potion of magic
 c - 3 potions of curing {unknown}
 g - a potion of invisibility {unknown}


   Skills:
 + Level 1.8 Dodging
 - Level 1.7 Stealth
 + Level 2.5 Spellcasting
 + Level 1.0 Conjurations
 + Level 3.2 Fire Magic


You had 3 spell levels left.
You knew the following spells:

 Your Spells              Type           Power      Damage    Failure   Level
a - Foxfire               Conj/Fire      32%        2x1d5     9%          1
b - Scorch                Fire           24%        2d6       8%          2

Your spell library contained the following spells:

 Spells                   Type           Power      Damage    Failure   Level
 Inner Flame              Hex/Fire       7%         N/A       30%         3
 Kindle Blastsparks       Fire/Tloc/Air  10%        2d10      36%         3
 Flame Wave               Conj/Fire      8%         2d5       63%         4


Dungeon Overview and Level Annotations

Branches:
Dungeon (2/15)

Altars:


Innate Abilities, Weirdness & Mutations

You are partially covered in large bone plates. (SH +4)


Message History

Casting: Foxfire (safe; 9% risk of failure)
Confirm with . or Enter, or press ? or * to list all spells.
You conjure some foxfire!
The foxfire hits the black bear but does no damage.
The black bear is lightly wounded.
Casting: Foxfire (safe; 9% risk of failure)
Confirm with . or Enter, or press ? or * to list all spells.
You conjure some foxfire!
The foxfire hits the black bear.
The black bear is lightly wounded.
The foxfire hits the black bear but does no damage.
The black bear is lightly wounded.
The foxfire hits the black bear.
The black bear is moderately wounded.
Casting: Foxfire (safe; 9% risk of failure)
Confirm with . or Enter, or press ? or * to list all spells.
You conjure some foxfire!
The foxfire hits the black bear.
The black bear is moderately wounded.
The foxfire hits the black bear.
The black bear is heavily wounded.
Sorry, you're not good enough to have a special ability.
Unknown command.
The foxfire hits the black bear but does no damage.
The black bear is heavily wounded.
The foxfire hits the black bear.
The black bear is severely wounded.
The black bear bites you. The black bear barely misses you.
The black bear completely misses you.
You hit the black bear.
The black bear is severely wounded.
The black bear barely misses you. The black bear claws you. x2
The black bear attacks as you move away!
The black bear barely misses you. The black bear claws you.
* * * LOW HITPOINT WARNING * * *
The black bear claws you.
* * * LOW HITPOINT WARNING * * *
The black bear attacks as you move away!
The black bear bites you.
* * * LOW HITPOINT WARNING * * *
The black bear claws you.
You die...

.....###..........?..#
.......##.#.........####
###..#.................#
#................##
#...)#.###........#
#....#.###.#......##.#
#.†..#..##...........#
##....##..##....h.#.......
#.....###.#.....@.#...###.
#.....# #......#...##.... ##
..##.####....#.#.#.# .......
.###>###....##.#.#...
..#..## .#
#.##.....##.#..###.#.# .. .#
#.....##############.# .# .#
#.#....#.#.#...#.#.#.##.#
<###.##.#...#...#...#......#
.........##...#.#.#...###..#


You could see a black bear.

Vanquished Creatures
  A dart slug (D:2)
  2 ball pythons (D:2)
  2 bats
  4 endoplasms (D:2)
  A giant cockroach (D:2)
  3 goblins
  2 quokkas (D:2)
  2 frilled lizards
  A kobold (D:1)
  A rat (D:1)
19 creatures vanquished.

Vanquished Creatures (others)
  70 foxfires
70 creatures vanquished.

Grand Total: 89 creatures vanquished

Notes
Turn   | Place    | Note
-------+----------+-------------------------------------------
     0 | D:1      | funkygono the Demonspawn Fire Elementalist began the quest
                  | for the Orb.
     0 | D:1      | Reached XP level 1. HP: 13/13 MP: 3/3
   607 | D:2      | Reached skill level 3 in Fire Magic
   607 | D:2      | Gained mutation: You are partially covered in large bone
                  | plates. (SH +4) [demonic ancestry]
   607 | D:2      | Reached XP level 2. HP: 19/19 MP: 1/5
   657 | D:2      | Learned a level 2 spell: Scorch
   990 | D:2      | Noticed a black bear
  1004 | D:2      | Slain by a black bear

Illustrated notes

Levels and vault maps discovered:
D:1:      dpeg_arrival_refuge, layout_basic
D:2:      layout_rooms, minmay_misc_feat_alley

Skill      XL: |  1 |
---------------+----+-----
Fire Magic     | 3 |  3.2
Dodging        | |  1.8
Stealth        | |  1.7
Spellcasting   | |  2.5
Conjurations   | |  1.0

Action                   || total
-------------------------++-------
Melee: Unarmed           ||     1
 Cast: Foxfire           ||    39
Dodge: Dodged            ||     7

Table legend: (Time is in decaauts)
 A = Elapsed time spent in this place.
 B = Non-inter-level travel time spent in this place.
 C = Inter-level travel time spent in this place.
 D = Time resting spent in this place.
 E = Time spent auto-exploring this place.
 F = Levels seen in this place.
 G = Mean time per level.
                   A        B        C        D        E       F      G
               +--------+--------+--------+--------+--------+-----+--------+
         Total |   1003 |    996 |      7 |     30 |    827 |   2 |  501.5 |
       Dungeon |   1003 |    996 |      7 |     30 |    827 |   2 |  501.5 |
               +--------+--------+--------+--------+--------+-----+--------+

Top non-repeatable levels by time:
     D:1: 559 daAuts
     D:2: 444 daAuts
